 Dungeon Crawl Stone Soup version 0.28.0-53-g5a82cb258f (webtiles) character file.

Game seed: 10714978125412605523

2832 styxcanada the Covert (level 9, -7/44 HPs)
             Began as a Spriggan Brigand on July 16, 2022.
             Was an Initiate of Gozag.
             Shot with a sling bullet by Joseph (14 damage)
             ... on level 7 of the Dungeon.
             The game lasted 00:44:31 (8069 turns).

styxcanada the Covert (Spriggan Brigand)            Turns: 8069, Time: 00:44:32

Health: -7/44      AC:  5    Str: 13    XL:     9   Next: 45%
Magic:  15/17      EV: 19    Int: 12    God:    Gozag
Gold:   537        SH:  6    Dex: 21    Spells: 11/17 levels left

rFire   + . .      SeeInvis +   a - +3 dagger
rCold   . . .      Faith    .   v - +0 buckler
rNeg    . . .      Spirit   .   b - +0 robe
rPois   .          Reflect  .   (helmet restricted)
rElec   .          Harm     .   s - +2 cloak {Stlth+}
rCorr   .          Rampage  .   (gloves unavailable)
Will    +....                   (boots unavailable)
Stlth   ++++++....              (no amulet)
HPRegen 0.14/turn               i - +6 ring of strength
MPRegen 0.15/turn               m - ring of protection from fire

@: very quick
A: very small, no large weapons, unfitting armour, see invisible, speed 3
a: Renounce Religion, Potion Petition, Call Merchant, Bribe Branch


You were on level 7 of the Dungeon.
You worshipped Gozag.
Gozag was pleased with you.
You visited 2 branches of the dungeon, and saw 8 of its levels.

You collected 564 gold pieces.
You paid 27 gold pieces to Gozag.

Inventory:

Hand Weapons
 a - a +3 dagger (weapon)
 c - a +1 hunting sling of flaming
 q - a +2 quarterstaff of chaos
 w - the +7 morningstar of Salt {antimagic, rC+++ rCorr Int-4 Stlth+}
   (You took it off a gnoll on level 6 of the Dungeon)

   It reduces the magical energy of the wielder, and disrupts the spells and
   magical abilities of those it strikes.
   Natural abilities and divine invocations are not affected.
   Int:       It affects your intelligence (-4).
   rC:        It renders you almost immune to cold.
   rCorr:     It protects you from acid and corrosion.
   Stlth:     It makes you more stealthy.
Missiles
 d - 13 poisoned darts (quivered)
 e - 2 curare-tipped darts
 j - 12 sling bullets
 n - 204 stones
 o - a throwing net
Armour
 b - a +0 robe (worn)
 s - a +2 cloak of stealth (worn)
 v - a +0 buckler (worn)
Jewellery
 i - a +6 ring of strength (left hand)
 m - a ring of protection from fire (right hand)
 p - a ring of wizardry
 y - a +4 ring of evasion
Wands
 f - a wand of flame (3)
 g - a wand of mindburst (9)
 x - a wand of paralysis (3)
 B - a wand of iceblast (10)
Scrolls
 h - 5 scrolls of identify
 l - 2 scrolls of teleportation
 z - a scroll of amnesia
 A - a scroll of fear
Potions
 k - a potion of curing
 r - 2 potions of lignification
 t - a potion of brilliance
 u - a potion of mutation


   Skills:
 + Level 3.1 Fighting
 + Level 4.0 Short Blades
 + Level 2.4(3.7) Slings
 + Level 3.5(3.8) Throwing
 * Level 4.9 Dodging
 * Level 12.0 Stealth
 * Level 1.1 Shields
 * Level 4.8 Spellcasting
 * Level 2.0 Conjurations
 * Level 4.9 Translocations
 * Level 2.2 Fire Magic
 * Level 5.6 Evocations


You had 11 spell levels left.
You knew the following spells:

 Your Spells              Type           Power      Damage    Failure   Level
a - Blink                 Tloc           28%        N/A       9%          2
b - Foxfire               Conj/Fire      32%        2x1d5     19%         1
c - Conjure Flame         Conj/Fire      8%         6-21      47%         3

Your spell library contained the following spells:

 Spells                   Type           Power      Damage    Failure   Level
 Lesser Beckoning         Tloc           14%        N/A       17%         3
 Searing Ray              Conj           14%        2d5       28%         2
 Sublimation of Blood     Necr           2%         N/A       54%         2
 Inner Flame              Hex/Fire       5%         N/A       63%         3
 Manifold Assault         Tloc           14%        N/A       85%         5
 Flame Wave               Conj/Fire      8%         2d5       87%         4
 Petrify                  Tmut/Erth      2%         N/A       99%         4
 Irradiate                Conj/Tmut      2%         3d14      100%        5
 Conjure Ball Lightning   Conj/Air       2%         3x3d6     100%        6
 Malign Gateway           Summ/Tloc      4%         N/A       100%        7
 Storm Form               Tmut/Air       1%         N/A       100%        7
 Summon Horrible Things   Summ           1%         N/A       100%        8
 Chain Lightning          Conj/Air       2%         3d3       100%        9


Dungeon Overview and Level Annotations

Branches:
Dungeon (7/15)             Temple (1/1) D:5

Altars:
Ashenzari
Cheibriados
Dithmenos
Elyvilon
Fedhas
Gozag
Hepliaklqana
Kikubaaqudgha
Makhleb
Nemelex Xobeh
Okawaru
Qazlal
Sif Muna
Trog
Uskayaw
Vehumet
Wu Jian
Xom
Yredelemnul
The Shining One

Shops:
D:4 ([

Annotations:
D:7 Joseph


Innate Abilities, Weirdness & Mutations

You are very small and have problems with some larger weapons.
You are too small for most types of armour.
You have supernaturally acute eyesight. (SInv)
You cover ground extremely quickly. (Speed+++)


Message History

You block Joseph's attack.
Joseph unwields a +0 quarterstaff.
Joseph wields a +1 hunting sling of freezing.
It is covered in frost.
Joseph shoots a sling bullet.
The sling bullet hits you!
* * * LOW HITPOINT WARNING * * *
The sling bullet freezes you!
* * * LOW HITPOINT WARNING * * *
Joseph shoots a sling bullet.
The sling bullet misses you.
Okay, then.
Throw: 15 darts (poison)
Press: ? - help, Q - select action, (/) - cycle Shift-Dir - straight line, f - Joseph
Aim: Joseph, wielding a +1 hunting sling of freezing, wearing a +0 leather armour and quivering sling bullets (lightly wounded, 64% to hit)
You throw a poisoned dart. The poisoned dart hits Joseph.
Joseph is poisoned.
Joseph is lightly wounded.
Joseph shoots a sling bullet.
You block the sling bullet.
Throw: 14 darts (poison)
Press: ? - help, Q - select action, (/) - cycle Shift-Dir - straight line, f/p - Joseph
Aim: Joseph, wielding a +1 hunting sling of freezing, wearing a +0 leather armour and quivering sling bullets (lightly wounded, poisoned, 64% to hit)
You throw a poisoned dart.
The poisoned dart barely misses the ice beast.
The poisoned dart closely misses Joseph.
Joseph looks more healthy.
Casting: Foxfire (safe; 19% risk of failure)
Confirm with . or Enter, or press ? or * to list all spells.
You conjure some foxfire!
The foxfire hits the ice beast.
The ice beast is lightly wounded.
The foxfire hits the ice beast but does no damage.
The ice beast is lightly wounded.
Casting: Foxfire (safe; 19% risk of failure)
Confirm with . or Enter, or press ? or * to list all spells.
You conjure some foxfire!
The foxfire hits the ice beast but does no damage.
The ice beast is lightly wounded.
The foxfire hits the ice beast.
The ice beast is lightly wounded.
Joseph shoots a sling bullet.
The sling bullet hits you!
You die...
Your body crumbles into a pile of gold.

..........##.#.# #.#
.....####.##.#.####.#
.....# #..#........#
.....####..#...######
.###...##..#...#
.###.#.##......####
.#.......@..........
'#.#.....#..§§######
..(.......Y.§§..@.#
(..#.⌠.⌠.#...####.#
.............# .#
...#.....#....# .#
......_....#..# .#
...#.....#.#..# ..
...........##..# ##
+#.#.⌠.⌠.#.. .>#
#.....(...##


You could see Joseph and an ice beast.

Vanquished Creatures
  Grinder (D:3)
  Sigmund (D:4)
  Menkaure (D:6)
  2 water moccasins (D:6)
  A necrophage (D:5)
  3 black bears
  6 ogres
  A centaur (D:6)
  A kobold brigand (D:7)
  A bullfrog (D:6)
  2 scorpions
  A water moccasin zombie (D:5)
  A water moccasin skeleton (D:6)
  3 wights (D:7)
  A howler monkey (D:4)
  A centaur zombie (D:6)
  A jelly (D:6)
  A bullfrog zombie (D:7)
  A gnoll shaman (D:6)
  2 orc priests
  Crazy Yiuf (D:3)
  2 bullfrog skeletons
  Jessica (D:2)
  A centaur skeleton (D:4)
  Ijyb (D:3)
  4 iguanas
  An orc wizard (D:6)
  A howler monkey skeleton (D:7)
  13 gnolls
  4 adders
  2 shadow imps
  A white imp (D:6)
  An ufetubus (D:7)
  4 dart slugs
  A worm (D:4)
  18 orcs
  5 ball pythons
  4 bats
  10 endoplasms
  3 giant cockroaches
  6 goblins
  4 hobgoblins
  3 jackals (D:1)
  11 kobolds
  A quokka (D:5)
  4 frilled lizards
  6 rats
145 creatures vanquished.

Vanquished Creatures (others)
  A bush (D:6)
  65 foxfires
66 creatures vanquished.

Grand Total: 211 creatures vanquished

Notes
Turn   | Place    | Note
-------+----------+-------------------------------------------
     0 | D:1      | styxcanada the Spriggan Brigand began the quest for the
                  | Orb.
     0 | D:1      | Reached XP level 1. HP: 10/10 MP: 2/2
   105 | D:1      | Reached skill level 6 in Stealth
   180 | D:1      | Reached XP level 2. HP: 7/14 MP: 3/3
   872 | D:1      | Reached XP level 3. HP: 11/18 MP: 4/4
  1073 | D:1      | Found a faded altar of an unknown god.
  1334 | D:2      | Reached skill level 7 in Stealth
  2031 | D:2      | Noticed Jessica
  2046 | D:2      | Killed Jessica
  2047 | D:2      | Reached XP level 4. HP: 17/23 MP: 5/5
  2154 | D:2      | Learned a level 2 spell: Blink
  2604 | D:3      | Noticed Ijyb
  2607 | D:3      | Killed Ijyb
  2608 | D:3      | Reached skill level 8 in Stealth
  2608 | D:3      | Reached skill level 1 in Spellcasting
  2638 | D:3      | Learned a level 1 spell: Foxfire
  2651 | D:3      | Noticed Grinder
  2669 | D:3      | Killed Grinder
  2670 | D:3      | Reached skill level 9 in Stealth
  2670 | D:3      | Reached XP level 5. HP: 10/26 MP: 6/8
  2670 | D:3      | Reached XP level 6. HP: 12/30 MP: 6/9
  2997 | D:3      | Found a runed translucent door.
  2998 | D:3      | Noticed Crazy Yiuf
  3005 | D:3      | Killed Crazy Yiuf
  3171 | D:3      | Got the Disquisition on Combat Magic
  3536 | D:4      | Reached skill level 10 in Stealth
  3662 | D:4      | Found Cydd's Armour Boutique.
  3662 | D:4      | Found Napuk's Magic Scroll Shop.
  3664 | D:4      | Found Fygefoa's Weapon Boutique.
  3696 | D:4      | Reached skill level 1 in Translocations
  3696 | D:4      | Reached skill level 1 in Evocations
  3696 | D:4      | Reached XP level 7. HP: 27/35 MP: 11/11
  3947 | D:4      | Noticed Sigmund
  3953 | D:4      | Killed Sigmund
  3954 | D:4      | Reached skill level 1 in Fire Magic
  4451 | D:4      | Reached skill level 1 in Conjurations
  4458 | D:4      | Reached skill level 11 in Stealth
  4458 | D:4      | Reached XP level 8. HP: 39/39 MP: 9/13
  4545 | D:5      | Entered Level 5 of the Dungeon
  4629 | D:5      | Learned a level 3 spell: Conjure Flame
  5076 | D:5      | Found a staircase to the Ecumenical Temple.
  5085 | Temple   | Entered the Ecumenical Temple
  5402 | Temple   | Became a worshipper of Gozag Ym Sagoz the Greedy
  5899 | D:6      | Noticed Menkaure
  6036 | D:6      | Reached skill level 5 in Evocations
  6108 | D:6      | Killed Menkaure
  6498 | D:6      | Reached skill level 1 in Slings
  6498 | D:6      | Reached XP level 9. HP: 41/44 MP: 13/15
  7031 | D:6      | Identified the +7 morningstar of Salt {antimagic, rC+++
                  | rCorr Int-4 Stlth+}
  7412 | D:6      | Reached skill level 1 in Shields
  7848 | D:7      | Reached skill level 12 in Stealth
  8034 | D:7      | Found a white marble altar of Elyvilon.
  8039 | D:7      | Noticed Joseph
  8069 | D:7      | Shot with a sling bullet by Joseph

Illustrated notes

Levels and vault maps discovered:
D:1:      dpeg_arrival_radiant, layout_loops_corners,
          shapermc_ecumenical_altar_ellora, minmay_misc_feat_more_columns
D:2:      layout_basic, uniq_jessica
D:3:      layout_loops_ring, uniq_grinder, uniq_ijyb, uniq_crazy_yiuf_cottage
D:4:      kennysheep_six_static_rooms, layout_rooms, nicolae_wooded_promenade,
          kennysheep_generic_room_11, uniq_sigmund
D:5:      layout_basic, minmay_temple_entry_antechambers, hex_tiny
D:6:      layout_rooms, interstate_on_off, kb_lookout_dungeons_type,
          hangedman_decor_opposing, uniq_menkaure
D:7:      layout_basic, elyvilon_altar_5, uniq_joseph
Temple:   mainiacjoe_temple_big_plus

Skill      XL: |  1  2  3  4  5  6  7  8  9 |
---------------+----------------------------+-----
Stealth        | 6 7 9 10 11 12 | 12.0
Dodging        | 2 3 4 |  4.9
Spellcasting   | 1 2 3 4 |  4.8
Fighting       | 2 3 |  3.1
Short Blades   | 3 4 |  4.0
Translocations | 1 2 3 4 |  4.9
Evocations     | 1 2 5 |  5.6
Fire Magic     | 1 2 |  2.2
Conjurations   | 1 2 |  2.0
Throwing       | 3 |  3.5
Slings         | 1 2 |  2.4
Shields        | 1 |  1.1

Action                   |  1- 3 |  4- 6 |  7- 9 || total
-------------------------+-------+-------+-------++-------
Melee: Dagger            |    98 |    56 |   136 ||   290
       Punch             |     2 |       |     1 ||     3
       Morningstar       |       |       |     8 ||     8
 Fire: Hunting sling     |       |       |    57 ||    57
Throw: Dart              |    10 |     6 |    76 ||    92
 Cast: Foxfire           |       |       |    42 ||    42
Evoke: Wand              |       |     8 |     8 ||    16
  Use: Scroll            |       |     9 |     5 ||    14
       Potion            |       |     2 |     3 ||     5
 Stab: Sleeping          |    20 |    11 |    17 ||    48
       Distracted        |       |       |     2 ||     2
Armor: Robe              |     8 |     3 |    21 ||    32
Dodge: Dodged            |    54 |    28 |    94 ||   176
Block: Buckler           |       |       |    30 ||    30
